 Dungeon Crawl Stone Soup version 0.31.0-32-g396128a36d (webtiles) character file.

Game seed: 17225924855876037121

580 spaghetti the Trooper (level 7, -2/55 HPs)
             Began as a Demonspawn Chaos Knight on Mar 21, 2024.
             Was a Plaything of Xom.
             Slain by a sleepcap (9 damage)
             ... on level 4 of the Dungeon.
             The game lasted 00:03:33 (2849 turns).

spaghetti the Trooper (Demonspawn Chaos Knight)     Turns: 2849, Time: 00:03:34

Health: -2/55      AC: 11    Str: 15    XL:     7   Next: 13%
Magic:  7/7        EV:  2    Int: 12    God:    Xom [...*..]
Gold:   163        SH:  0    Dex: 18    Spells: 3/6 levels left

rFire   . . .        f - +7 dagger (venom)
rCold   . . .        (no shield)
rNeg    . . .        d - +4 scale mail of Uqanod {rElec Str+3 Dex+3}
rPois   .            (no helmet)
rElec   +            (no cloak)
rCorr   .            (no gloves)
SInv    .            (no boots)
Will    .....        (no amulet) Stlth
                     (no ring)
HPRegen 0.29/turn    (no ring)
MPRegen 0.10/turn

%: no passive effects
@: agile, sleeping
A: ignite blood 2, powered by pain 1, weakness stinger 1
a: Renounce Religion


You were on level 4 of the Dungeon.
You worshipped Xom.
You were a favourite toy of Xom.
You visited 1 branch of the dungeon, and saw 4 of its levels.

You collected 163 gold pieces.

Inventory:

Hand Weapons
 a - a +0 short sword of chaos
 f - a +7 dagger of venom (weapon)
Armour
 b - a +2 leather armour
 d - the +4 scale mail of Uqanod (worn) {rElec Str+3 Dex+3}
   (You found it on level 2 of the Dungeon)

   Str+3:     It affects your strength (+3).
   Dex+3:     It affects your dexterity (+3).
   rElec:     It insulates you from electricity.
Wands
 l - a wand of charming (4)
Scrolls
 c - a scroll of butterflies
 e - a scroll of immolation
 i - a scroll of poison
 j - a scroll of amnesia {unknown}
Potions
 k - a potion of enlightenment


   Skills:
 - Level 4.8 Fighting
 - Level 2.6 Short Blades
 - Level 3.7 Armour
 - Level 3.3 Dodging
 + Level 4.1 Necromancy


You had 3 spell levels left.
You knew the following spells:

 Your Spells              Type           Power      Damage    Failure   Level
a - Fugue of the Fallen   Necr           9%         N/A       56%         3

Your spell library contained the following spells:

 Spells                   Type           Power      Damage    Failure   Level
 Sandblast                Erth           0%         2d4       77%         1
 Ensorcelled Hibernation  Hex/Ice        0%         N/A       88%         2
 Gell's Gravitas          Tloc           0%         N/A       98%         3
 Passwall                 Erth           0%         N/A       98%         3
 Stone Arrow              Conj/Erth      0%         3d7       98%         3
 Teleport Other           Tloc           0%         N/A       98%         3
 Anguish                  Hex/Necr       2%         N/A       99%         4
 Brom's Barrelling Bould  Conj/Erth      0%         2d3       100%        4
 Conjure Ball Lightning   Conj/Air       0%         3x3d6     100%        6
 Dispersal                Tloc           0%         N/A       100%        6
 Discord                  Hex            0%         N/A       100%        8
 Disjunction              Tloc           0%         N/A       100%        8


Dungeon Overview and Level Annotations

Branches:
Dungeon (4/15)
 Temple: D:4-7

Altars:
Fedhas
Kikubaaqudgha
Qazlal
Xom


Innate Abilities, Weirdness & Mutations

Your demonic aura often causes spilled blood to erupt in flames.
You sometimes gain a little power by taking damage.
You have a small tail.


Message History

Press: ? - help, Shift-Dir - straight line, f/p - orc priest
Aim: an orc priest, wielding a +0 mace and wearing a +0 scale mail (chance to affect: 49%)
The orc priest resists with some effort.
The orc priest invokes the aid of Beogh against you.
Pain shoots through your body!
* * * LOW HITPOINT WARNING * * *
Aiming: Charm
Press: ? - help, Shift-Dir - straight line, f/p - orc priest
Aim: an orc priest, wielding a +0 mace and wearing a +0 scale mail (chance to affect: 49%)
The orc priest is charmed.
The orc closely misses your orc priest.
The orc hits your orc priest with a +0 flail!
A sleepcap comes into view.
Found 5 stones.
Your orc priest is engulfed in blazing flames.
You kill your orc priest!
The orc hits you with a +0 flail.
* * * LOW HITPOINT WARNING * * *
Your Necromancy skill increases to level 4!
Unknown command.
You puncture the orc!
You kill the orc!
A sleepcap is nearby!
A sleepcap is nearby!
A sleepcap is nearby!
A sleepcap is nearby!
Okay, then.
You are too injured to fight recklessly!
There is a shimmering altar of Xom here.
There is a shimmering altar of Xom here.
You hit the sleepcap.
The sleepcap is lightly damaged.
The sleepcap releases spores at you.
* * * LOW HITPOINT WARNING * * *
You are engulfed in a cloud of soporific spores!
You fall asleep.
You feel a little less mighty now.
The sleepcap releases spores at you but does no damage.
The sleepcap releases spores at you!
You die...
Xom giggles madly!

# ..# #.######## ..
##.#...b... (.
#.........# ###.#
#...♣♣.♣♣.. #...#
#....♣@♣b.. #...
####..♣.^bb.♣.
#.f##...##.♣♣...♣♣. K
###.@._._.##...bb....
####._._.....##.♣♣...♣♣.
#._._...).#####.♣..b..♣.
#P_.__.)#####.....♣.♣...
#P.P##.†###.b....♣♣.♣♣..
#### #..$_..####.......#
#..###### ##.....##
._..## ###### #####


You could see a sleepcap.

Vanquished Creatures
  Sigmund (D:3)
  Edmund (D:4)
  A water moccasin (D:3)
  An orc priest (D:4)
  Natasha (twice) (D:3)
  An orc wizard (D:3)
  2 adders
  5 orcs
  6 endoplasms
  3 giant cockroaches
  5 goblins
  7 hobgoblins
  2 jackals (D:3)
  2 quokkas
  6 ball pythons
  8 bats
  3 frilled lizards
  6 kobolds
  5 rats
67 creatures vanquished.

Vanquished Creatures (collateral kills)
  Natasha (D:3)
1 creature vanquished.

Vanquished Creatures (others)
  An orc (D:4)
1 creature vanquished.

Grand Total: 69 creatures vanquished

Notes
Turn   | Place    | Note
-------+----------+-------------------------------------------
     0 | D:1      | spaghetti the Demonspawn Chaos Knight began the quest for
                  | the Orb.
     0 | D:1      | Reached XP level 1. HP: 18/18 MP: 1/1
    40 | D:1      | XOM: potion effect (might)
    48 | D:1      | Reached skill level 1 in Dodging
   135 | D:1      | XOM: silly message
   164 | D:1      | Gained mutation: Your demonic aura sometimes causes spilled
                  | blood to erupt in flames. [demonic ancestry]
   164 | D:1      | Reached XP level 2. HP: 17/24 MP: 2/2
   298 | D:1      | XOM: smoke on damage
   902 | D:1      | XOM is BORED!
   902 | D:1      | XOM: noise
  1186 | D:2      | Gained mutation: Your demonic aura often causes spilled
                  | blood to erupt in flames. [demonic ancestry]
  1186 | D:2      | Reached XP level 3. HP: 23/29 MP: 3/3
  1364 | D:2      | Identified the +4 scale mail of Uqanod {rElec Str+3 Dex+3}
  1649 | D:2      | XOM: silly message
  1832 | D:3      | Noticed Sigmund
  1836 | D:3      | Killed Sigmund
  1837 | D:3      | Reached XP level 4. HP: 34/38 MP: 4/4
  1837 | D:3      | Gained mutation: You have a small tail. [demonic ancestry]
  1837 | D:3      | Reached XP level 5. HP: 39/43 MP: 5/5
  1889 | D:3      | Noticed a water moccasin
  1893 | D:3      | Killed a water moccasin
  1894 | D:3      | Gained mutation: You sometimes gain a little power by
                  | taking damage. [demonic ancestry]
  1894 | D:3      | Reached XP level 6. HP: 49/49 MP: 6/6
  2039 | D:3      | XOM: polymorph jackal -> ball python
  2121 | D:3      | Noticed Natasha
  2127 | D:3      | Killed Natasha
  2136 | D:3      | Found a faded altar of an unknown god.
  2223 | D:3      | Learned a level 3 spell: Fugue of the Fallen
  2304 | D:3      | Noticed Natasha
  2307 | D:3      | Reached skill level 1 in Necromancy
  2310 | D:3      | Killed Natasha
  2371 | D:3      | Noticed Natasha
  2378 | D:3      | Killed Natasha
  2800 | D:4      | Found a stormy altar of Qazlal.
  2800 | D:4      | Noticed Edmund
  2805 | D:4      | XOM: divination: detect creatures
  2821 | D:4      | Killed Edmund
  2822 | D:4      | Reached XP level 7. HP: 10/55 MP: 7/7
  2828 | D:4      | XOM: scenery: create altars
  2829 | D:4      | Found an ancient bone altar of Kikubaaqudgha.
  2829 | D:4      | Found a blossoming altar of Fedhas.
  2849 | D:4      | Slain by a sleepcap

Illustrated notes

Levels and vault maps discovered:
D:1:      dpeg_arrival_another_circle, layout_basic
D:2:      layout_rooms
D:3:      layout_loops_corners, shapermc_ecumenical_altar_ellora, uniq_natasha,
          uniq_sigmund
D:4:      layout_loops_ring, grunt_temple_overflow_growth_and_decay,
          mainiacjoe_overflow_small_starburst,
          nicolae_ru_great_annihilating_truth, uniq_menkaure, uniq_edmund

Skill      XL: |  1  2  3  4  5  6  7 |
---------------+----------------------+-----
Dodging        | 1 2 3 |  3.3
Armour         | 2 3 |  3.7
Fighting       | 4 |  4.8
Necromancy     | 3 4 |  4.1
Short Blades   | |  2.6

Action                     |  1- 3 |  4- 6 |  7- 9 || total
---------------------------+-------+-------+-------++-------
  Melee: Short sword       |    18 |       |       ||    18
         Dagger            |    56 |    44 |     5 ||   105
         Tailslap          |       |    10 |       ||    10
         Punch             |       |     2 |       ||     2
  Evoke: Wand              |       |     1 |     3 ||     4
    Use: Scroll            |     6 |     1 |       ||     7
         Potion            |     5 |     3 |       ||     8
   Stab: Distracted        |     1 |       |       ||     1
         Sleeping          |     1 |       |       ||     1
 Armour: Leather armour    |    36 |       |       ||    36
         Scale mail        |    10 |    23 |     6 ||    39
  Dodge: Dodged            |    36 |    20 |     3 ||    59
